 Dungeon Sprint DCSS version 0.30.1-11-g7821555f0a (webtiles) character file.

Game seed: 7476811319936676623

5 Groucho the Cudgeller (level 1, -11/13 HPs)
             Began as a Gargoyle Gladiator on Jan 1, 2024.
             Mangled by an ogre
             ... wielding a +0 giant spiked club
              (24 damage)
             ... in the Dungeon (Sprint IX: "|||||||||||||||||||||||||||||").
             The game lasted 00:00:16 (41 turns).

Groucho the Cudgeller (Gargoyle Gladiator)            Turns: 41, Time: 00:00:16

Health: -11/13     AC:  6    Str: 17    XL:     1   Next: 80%
Magic:  2/2        EV: 12    Int:  8    God:
Gold:   0          SH:  0    Dex: 11    Spells: 0/0 levels left

rFire   . . .        a - +0 flail
rCold   . . .        (no shield)
rNeg    + . .        b - +0 leather armour
rPois   ∞            c - +0 helmet
rElec   +            (no cloak)
rCorr   .            (no gloves)
SInv    .            (no boots)
Will    .....        (no amulet)
Stlth   +            (no ring)
HPRegen 0.22/turn    (no ring)
MPRegen 0.08/turn

%: no teleportation
@: no status effects
A: sickness immunity, AC +2, negative energy resistance 1, electricity
resistance, torment resistance 1, petrification resistance
a: no special abilities


You were in the Dungeon.
You visited 1 branch

Inventory:

Hand Weapons
 a - a +0 flail (weapon)
Missiles
 d - 3 throwing nets (quivered)
 e - a javelin
Armour
 b - a +0 leather armour (worn)
 c - a +0 helmet (worn)
Scrolls
 k - a scroll of blinking
Potions
 f - a potion of curing
 h - a potion of haste
 i - 2 potions of magic
 j - a potion of berserk rage


   Skills:
 + Level 2.7 Fighting
 + Level 3.3 Maces & Flails
 - Level 1.7 Throwing
 + Level 1.3 Armour
 + Level 2.7 Dodging
 + Level 1.4 Invocations


You couldn't memorise any spells.
You didn't know any spells.
Your spell library was empty.

Dungeon Overview and Level Annotations

Branches:
Dungeon (1/1)

Altars:


Innate Abilities, Weirdness & Mutations

You are immune to sickness and miasma.
Your stone body is resilient. (AC +2)
You are immune to poison.
You resist negative energy. (rN+)
You are resistant to electric shocks. (rElec)
You are resistant to unholy torment.
You are immune to petrification.


Message History

You hit the hobgoblin.
The hobgoblin is almost dead.
The hobgoblin closely misses you.
You closely miss the hobgoblin. Your punch misses the hobgoblin.
The hobgoblin is severely wounded.
The hobgoblin completely misses you.
You hit the hobgoblin.
You kill the hobgoblin!
The bat misses you. The bat barely misses you.
Your Armour skill increases to level 1!
Your Invocations skill increases to level 1!
You hit the bat but do no damage. The bat closely misses you. x2
The bat barely misses you.
You closely miss the bat. The bat closely misses you. The bat misses you.
You sock the bat!
You kill the bat!
You hit the giant cockroach.
The giant cockroach is moderately wounded.
The giant cockroach completely misses you.
The giant cockroach bites you but does no damage.
You sock the giant cockroach!
You kill the giant cockroach!
No target in view!
No target in view!
No target in view!
Magic restored.
Things that are here:
a +0 dagger; 2 stones; a kobold corpse You open the door.
A gnoll sergeant, a dart slug, a jelly, a black bear and an ogre come into view.
The gnoll sergeant shouts!
The black bear growls angrily.
The ogre shouts!
The jelly quivers.
You sock the ogre!
The ogre is moderately wounded.
The ogre hits you with a +0 giant spiked club!
Ouch! That really hurt!
You feel much better.
The ogre hits you with a +0 giant spiked club!!
Ouch! That really hurt!
You die... ▓▓▓▓▓▓▓▓▓▓▓▓▓▓▓▓▓▓ +.gwJhO@...)'...<▓ ▓▓▓▓▓▓▓▓▓▓▓▓▓▓▓▓▓▓

You could see a black bear, an ogre, a gnoll sergeant, a jelly and a dart slug.

Vanquished Creatures
  A bat (D)
  A giant cockroach (D)
  A hobgoblin (D)
  A frilled lizard (D)
  A kobold (D)
5 creatures vanquished.

Notes
Turn   | Place    | Note
-------+----------+-------------------------------------------
     0 | D        | Groucho the Gargoyle Gladiator began the quest for the Orb.
     0 | D        | Reached XP level 1. HP: 12/12 MP: 1/1
    16 | D        | Reached skill level 1 in Armour
    16 | D        | Reached skill level 1 in Invocations
    39 | D        | Noticed a gnoll sergeant
    39 | D        | Noticed a jelly
    39 | D        | Noticed a black bear
    39 | D        | Noticed an ogre
    41 | D        | Mangled by an ogre

Illustrated notes

Levels and vault maps discovered:
D:        linesprint [early_d, line_temple, items_1, d_10, items_2, lair_1,
          lair_end, items_3, orc_1, orc_end, items_4, d_15, swamp_1, shoals_1,
          snake_1, spider_1, d_20, vaults_1, items_5, swamp_end, shoals_end,
          snake_end, spider_end, vaults_end, d_27, items_6, zot_1, zot_end,
          crypt_end, forest_end, elf_end, slime_end, tomb_end, abyss_end,
          pan_hell_end]

Skill      XL: |  1 |
---------------+----+-----
Armour         | 1 |  1.3
Invocations    | 1 |  1.4
Fighting       | |  2.7
Maces & Flails | |  3.3
Throwing       | |  1.7
Dodging        | |  2.7

Action                     || total
---------------------------++-------
  Melee: Flail             ||    17
    Use: Potion            ||     1
 Armour: Leather armour    ||     9
  Dodge: Dodged            ||    12
